 Dungeon Crawl Stone Soup version 0.29.1-12-g30fa7ad0bf (webtiles) character file.

Game seed: 16692404385765495786

51 DildoBatman the Conjurer (level 4, -7/30 (32) HPs)
             Began as a Formicid Conjurer on Jan 18, 2023.
             Mangled by an iguana (13 damage)
             ... on level 2 of the Dungeon.
             The game lasted 00:03:39 (1367 turns).

DildoBatman the Conjurer (Formicid Conjurer)        Turns: 1367, Time: 00:03:39

HP:   -7/30 (32)    AC:  2    Str: 11    XL:     4   Next: 7%
MP:   0/8           EV: 12    Int: 20    God:
Gold: 44            SH:  0    Dex: 12    Spells: 5/8 levels left

rFire   . . .      SeeInvis +   a - +0 short sword (freeze)
rCold   . . .      Faith    +   (no shield)
rNeg    . . .      Spirit   .   l - +0 robe
rPois   .          Reflect  .   (helmet unavailable)
rElec   .          Harm     .   (no cloak)
rCorr   .          Rampage  .   (no gloves)
Will    .....                   (no boots)
Stlth   ++........              f - amulet of faith
HPRegen 0.10/turn               (no ring)
MPRegen 0.11/turn               (no ring)

@: drained
A: permanent stasis, dig shafts and tunnels, antennae 3, four strong arms
a: Dig, Shaft Self


You were on level 2 of the Dungeon.
You visited 1 branch of the dungeon, and saw 2 of its levels.

You collected 44 gold pieces.

Inventory:

Hand Weapons
 a - a +0 short sword of freezing (weapon)
 b - a +0 sling
Missiles
 g - 7 stones
Armour
 l - a +0 robe (worn)
Jewellery
 f - an amulet of faith (around neck)
Scrolls
 d - 2 scrolls of magic mapping {unknown}
 e - 2 scrolls of immolation {unknown}
 j - 2 scrolls of identify {unknown}
 k - 2 scrolls of teleportation {unknown}
Potions
 c - a potion of invisibility {unknown}
 h - a potion of magic
 i - a potion of flight {unknown}


   Skills:
 * Level 1.4 Fighting
 * Level 1.4 Armour
 - Level 2.0 Dodging
 - Level 2.4 Stealth
 * Level 2.8 Spellcasting
 * Level 3.9 Conjurations


You had 5 spell levels left.
You knew the following spells:

 Your Spells              Type           Power      Damage    Failure   Level
a - Searing Ray           Conj           36%        2d5       4%          2
c - Magic Dart            Conj           72%        1d6       2%          1

Your spell library contained the following spells:

 Spells                   Type           Power      Damage    Failure   Level
 Dazzling Flash           Conj/Hex       20%        N/A       19%         3
 Fulminant Prism          Conj/Hex       5%         3d7       54%         4
 Iskenderun's Mystic Bla  Conj/Tloc      10%        2d4       54%         4


Dungeon Overview and Level Annotations

Branches:
Dungeon (2/15)

Altars:


Innate Abilities, Weirdness & Mutations

You cannot be hasted, slowed, berserked, paralysed or teleported.
You can dig through walls and to a lower floor.
You have a pair of large antennae on your head. (SInv)
Your four strong arms can wield two-handed weapons with a shield.


Message History

The searing ray misses the iguana. (Press . to maintain the ray.)
The iguana barely misses you.
The searing ray misses the iguana.
The iguana barely misses you. The iguana attacks as you move away!
The iguana bites you! The iguana barely misses you.
You extend your mandibles.
You dig through the rock wall.
You feel drained. The iguana attacks as you move away!
The iguana completely misses you.
You retract your mandibles.
The worm bites you!
There is a stone staircase leading up here.
Casting: Searing Ray (safe; 4% risk of failure)
Confirm with . or Enter, or press ? or * to list all spells.
Aiming: Magic Dart (safe; 2% risk of failure)
Press: ? - help, Shift-Dir - straight line, f/p - iguana
Aim: an iguana (lightly wounded, 100% to hit)
The magic dart hits the iguana but does no damage.
The iguana is lightly wounded.
The iguana closely misses you.
Your +0 short sword of freezing glows with a cold blue light!
a - a +0 short sword of freezing (weapon)
You hit the iguana.
The iguana seems to slow down.
You freeze the iguana.
The iguana is moderately wounded.
The iguana barely misses you.
Casting: Magic Dart (safe; 2% risk of failure)
Confirm with . or Enter, or press ? or * to list all spells.
Aiming: Magic Dart (safe; 2% risk of failure)
Press: ? - help, Shift-Dir - straight line, f/p - iguana
Aim: an iguana (moderately wounded, slow, 100% to hit)
The magic dart hits the iguana.
The iguana is heavily wounded.
The iguana bites you!
You die...

............#............
..........#.#............
##+#####.#.#.#†...........
#............†............
...#....##.#.#............
#....##.#.#............
###....##.#.#......######
#......wl..#.#.......#
#.##....#@...#.......# # #
##....######.......# #
#..............###.##### #.
#............#####....## #..
#...................#.##
....##..........[........#.##
#....#..<................†.
#..#...)................ {
##....w.......######.....


You could see a worm and an iguana (slow).

Vanquished Creatures
  A gnoll (D:1)
  2 dart slugs
  4 endoplasms (D:1)
  2 giant cockroaches (D:1)
  3 goblins (D:1)
  2 hobgoblins (D:1)
  3 kobolds (D:1)
  4 quokkas
  3 ball pythons
  7 bats
  A frilled lizard (D:1)
  2 rats
34 creatures vanquished.

Notes
Turn   | Place    | Note
-------+----------+-------------------------------------------
     0 | D:1      | DildoBatman the Formicid Conjurer began the quest for the
                  | Orb.
     0 | D:1      | Reached XP level 1. HP: 13/13 MP: 3/3
    51 | D:1      | Found a faded altar of an unknown god.
   306 | D:1      | Reached XP level 2. HP: 11/20 MP: 1/5
   309 | D:1      | Learned a level 2 spell: Searing Ray
   635 | D:1      | Reached skill level 1 in Fighting
   654 | D:1      | Reached skill level 1 in Armour
   654 | D:1      | Reached XP level 3. HP: 19/26 MP: 1/6
  1313 | D:2      | Reached XP level 4. HP: 32/32 MP: 6/8
  1367 | D:2      | Mangled by an iguana

Illustrated notes

Levels and vault maps discovered:
D:1:      giann_forest_graveyard, layout_loops_ring,
          ebering_ecumenical_altar_webs, minmay_pentomino_w2
D:2:      layout_basic, minmay_stone_trees_small

Skill      XL: |  1  2 |
---------------+-------+-----
Dodging        | 2 |  2.0
Fighting       | 1 |  1.4
Armour         | 1 |  1.4
Stealth        | |  2.4
Spellcasting   | |  2.8
Conjurations   | |  3.9

Action                   |  1- 3 |  4- 6 || total
-------------------------+-------+-------++-------
Melee: Unarmed           |    13 |       ||    13
       Short sword       |    31 |     1 ||    32
 Fire: Sling             |     6 |    10 ||    16
 Cast: Magic Dart        |    34 |     2 ||    36
       Searing Ray       |     4 |     2 ||     6
 Abil: Dig               |     1 |     1 ||     2
 Stab: Sleeping          |     2 |       ||     2
Armor: Robe              |    24 |     1 ||    25
Dodge: Dodged            |    50 |     9 ||    59
